 Dungeon Crawl Stone Soup version 0.27-a0-1529-g1e82c303ef (webtiles) character file.

Game seed: 1773442285048077098

30 Morbidden the Gusty (level 3, -6/31 HPs)
             Began as a Troll Air Elementalist on July 12, 2021.
             Mangled by Terence (10 damage)
             ... on level 2 of the Dungeon.
             The game lasted 00:01:01 (913 turns).

Morbidden the Gusty (Troll Air Elementalist)         Turns: 913, Time: 00:01:01

Health: -6/31      AC:  4    Str: 16    XL:     3   Next: 3%
Magic:  4/4        EV: 10    Int: 12    God:
Gold:   75         SH:  0    Dex: 10    Spells: 3/4 levels left

rFire    . . .     SeeInvis .   (no weapon)
rCold    . . .     Faith    .   (no shield)
rNeg     . . .     Spirit   .   a - +0 robe
rPois    .         Reflect  .   (helmet restricted)
rElec    .         Harm     .   (no cloak)
rCorr    .         Rampage  .   (gloves unavailable)
Will     .....                  (boots unavailable)
Stlth    +.........             (no amulet)
HPRegen  1.10/turn              (no ring)
MPRegen  0.09/turn              (no ring)

@: no status effects
A: large, unfitting armour, claws 3, regeneration 1, shaggy fur 1, tough skin 1
a: no special abilities


You were on level 2 of the Dungeon.
You visited 1 branch of the dungeon, and saw 2 of its levels.

You collected 75 gold pieces.

Inventory:

Armour
 a - a +0 robe (worn)
Scrolls
 b - a scroll of identify {unknown}
 c - a scroll of holy word {unknown}
 d - 2 scrolls of teleportation {unknown}
 e - a scroll of acquirement {unknown}
 g - a scroll of vulnerability {unknown}
Potions
 f - 3 potions of curing {unknown}


   Skills:
 + Level 1.9 Dodging
 + Level 1.1 Stealth
 + Level 0.6 Unarmed Combat
 + Level 1.4 Spellcasting
 + Level 0.6 Conjurations
 + Level 2.3 Air Magic


You had 3 spell levels left.
You knew the following spells:

 Your Spells              Type           Power      Damage    Failure   Level
a - Shock                 Conj/Air       16%        1d4       16%         1

Your spell library contained the following spells:

 Spells                   Type           Power      Damage    Failure   Level
 Static Discharge         Conj/Air       4%         N/A       24%         2
 Swiftness                Air            6%         N/A       32%         3
 Airstrike                Air            3%         N/A       73%         4


Dungeon Overview and Level Annotations

Branches:
Dungeon (2/15)

Altars:

Shops:
D:1 !

Annotations:
D:2 Terence


Innate Abilities, Weirdness & Mutations

You are too large for most types of armour.
You have claws for hands.
Your natural rate of healing is unusually fast.
You are covered in fur. (AC +1)
You have tough skin. (AC +1)


Message History

You claw the endoplasm!
You kill the endoplasm!
Terence is nearby!
You scratch Terence.
Terence is moderately wounded.
Terence closely misses you. Terence says, "Did you write a will?
You should..."
Terence closely misses you.
You scratch Terence.
Terence is moderately wounded.
Terence barely misses you.
You barely miss Terence.
Terence is moderately wounded.
Terence hits you with a +0 mace.
You barely miss Terence.
Terence is moderately wounded.
Terence hits you with a +0 mace! Terence barely misses you.
You scratch Terence.
Terence is severely wounded.
Terence hits you with a +0 mace.
You closely miss Terence.
Terence is severely wounded.
Terence closely misses you. Terence completely misses you.
You barely miss Terence.
Terence is heavily wounded.
Terence hits you with a +0 mace.
You completely miss Terence.
Terence is heavily wounded.
Terence hits you with a +0 mace! Terence closely misses you.
You closely miss Terence.
Terence is heavily wounded.
Terence hits you with a +0 mace.
You scratch Terence.
Terence is severely wounded.
Terence completely misses you. Terence hits you with a +0 mace!
* * * LOW HITPOINT WARNING * * *
You barely miss Terence.
Terence is severely wounded.
Terence hits you with a +0 mace!
You die...

..#.# #...+
#...# #
#...#
#.##...#
###......#
.......<.#
#######..#
#....@@#
#.##.#>....#
#.#.^...#
#.......#
###.....#
.....#
.....#
######


You could see Terence (fast).

Vanquished Creatures
  2 bats (D:1)
  4 endoplasms
  7 hobgoblins (D:1)
  3 kobolds (D:1)
  2 ball pythons (D:1)
  4 frilled lizards (D:1)
  3 goblins (D:1)
  A rat (D:1)
26 creatures vanquished.

Notes
Turn   | Place    | Note
-------+----------+-------------------------------------------
     0 | D:1      | Morbidden the Troll Air Elementalist began the quest for
                  | the Orb.
     0 | D:1      | Reached XP level 1. HP: 16/16 MP: 1/1
    90 | D:1      | Reached XP level 2. HP: 24/24 MP: 3/3
   678 | D:1      | Found Vokeh's Distillery.
   859 | D:1      | Reached XP level 3. HP: 31/31 MP: 4/4
   898 | D:2      | Noticed Terence
   913 | D:2      | Mangled by Terence

Illustrated notes

Levels and vault maps discovered:
D:1:      saegor_arrival_miasma, layout_loops_ring, serial_shops,
          nicolae_shop_window_shopping, columned_hall_lemuel,
          minmay_misc_feat_roman, minmay_tetromino_o2
D:2:      layout_basic, ebering_ecumenical_altar_webs, uniq_terence,
          uniq_sigmund, uniq_jessica, uniq_crazy_yiuf_cottage

Action                   || total
-------------------------++-------
Melee: Unarmed           ||    94
 Stab: Sleeping          ||     1
Armor: Robe              ||    29
Dodge: Dodged            ||    48

Table legend: (Time is in decaauts)
 A = Elapsed time spent in this place.
 B = Non-inter-level travel time spent in this place.
 C = Inter-level travel time spent in this place.
 D = Time resting spent in this place.
 E = Time spent auto-exploring this place.
 F = Levels seen in this place.
 G = Mean time per level.
                   A        B        C        D        E       F      G
               +--------+--------+--------+--------+--------+-----+--------+
         Total |    912 |    890 |     22 |      3 |    714 |   2 |  456.0 |
       Dungeon |    912 |    890 |     22 |      3 |    714 |   2 |  456.0 |
               +--------+--------+--------+--------+--------+-----+--------+

Top non-repeatable levels by time:
     D:1: 895 daAuts
     D:2: 16 daAuts
